 Dungeon Sprint DCSS version 0.27-a0-797-g27d10ad80f (webtiles) character file.

Game seed: 8921906661143380659

1274 mhtbhm the Basher (level 8, -6/138 HPs)
             Began as a Troll Berserker on Mar 27, 2021.
             Was an Elder of Trog.
             Mangled by a seven-headed hydra (15 damage)
             ... in the Dungeon (Sprint IX: "|||||||||||||||||||||||||||||").
             The game lasted 00:00:40 (308 turns).

mhtbhm the Basher (Troll Berserker)                  Turns: 308, Time: 00:00:41

Health: -6/138     AC:  5    Str: 31    XL:     8   Next: 28%
Magic:  7/7        EV: 13    Int:  3    God:    Trog [****..]
Gold:   0          SH:  0    Dex: 12    Spells: 7/7 levels left

rFire    . . .     SeeInvis .   a - +2 morningstar (vorpal)
rCold    . . .     Faith    .   (no shield)
rNeg     . . .     Spirit   .   b - +0 animal skin
rPois    .         Reflect  .   (helmet restricted)
rElec    .         Harm     .   k - +0 cloak
rCorr    .         Rampage  .   (gloves unavailable)
Will     .....     NoTele   +   (boots unavailable)
Stlth    ..........             (no amulet)
HPRegen  1.33/turn              l - +3 ring of strength
MPRegen  0.10/turn              m - +3 ring of dexterity

@: berserking, very quick
A: large, unfitting armour, claws 3, regeneration 1, shaggy fur 1, tough skin 1
a: Renounce Religion, Berserk, Trog's Hand, Brothers in Arms


You were in the Dungeon.
You worshipped Trog.
Trog was greatly pleased with you.
You visited 1 branch

Inventory:

Hand Weapons
 a - a +2 vorpal morningstar (weapon)
Armour
 b - a +0 animal skin (worn)
 k - a +0 cloak (worn)
Jewellery
 l - a +3 ring of strength (left claw)
 m - a +3 ring of dexterity (right claw)
Wands
 j - a wand of iceblast (10)
Scrolls
 h - 2 scrolls of blinking
Potions
 c - 5 potions of curing
 d - 2 potions of heal wounds
 e - a potion of haste
 f - 4 potions of magic
 g - a potion of berserk rage
 i - a potion of invisibility


   Skills:
 + Level 9.0 Fighting
 + Level 11.2 Maces & Flails
 + Level 8.5 Dodging


You had 7 spell levels left.
You didn't know any spells.
Your spell library was empty.

Dungeon Overview and Level Annotations

Branches:
Dungeon (1/1)

Altars:
Cheibriados
Dithmenos
Elyvilon
Fedhas
Gozag
Hepliaklqana
Kikubaaqudgha
Makhleb
Nemelex Xobeh
Okawaru
Qazlal
Ru
Sif Muna
Trog
Uskayaw
Vehumet
Wu Jian
Xom
Yredelemnul
Zin
The Shining One
Beogh
Jiyva
Lugonu


Innate Abilities, Weirdness & Mutations

You are too large for most types of armour.
You have claws for hands.
Your natural rate of healing is unusually fast.
You are covered in fur. (AC +1)
You have tough skin. (AC +1)


Message History

The seven-headed hydra roars!
The slime creature quivers.
The deep elf pyromancer shouts!
The troll shouts!
A red film seems to cover your vision as you go berserk!
You feel yourself moving faster!
You feel mighty!
The vampire mosquito buzzes angrily.
The seven-headed hydra bites you. The seven-headed hydra bites you!
The seven-headed hydra barely misses you.
The seven-headed hydra completely misses you.
The seven-headed hydra bites you! x2
The seven-headed hydra closely misses you.
You barely miss the seven-headed hydra. The seven-headed hydra bites you!!
The seven-headed hydra bites you. The seven-headed hydra bites you!
The seven-headed hydra closely misses you.
The seven-headed hydra bites you!
The seven-headed hydra barely misses you. x2
Unknown command.
You impale the seven-headed hydra!!
The seven-headed hydra is heavily wounded.
Unknown command.
You puncture the seven-headed hydra!
The seven-headed hydra is severely wounded.
The seven-headed hydra bites you. The seven-headed hydra bites you! x2
* * * LOW HITPOINT WARNING * * *
The seven-headed hydra bites you!
* * * LOW HITPOINT WARNING * * *
The seven-headed hydra bites you but does no damage.
The seven-headed hydra barely misses you.
The seven-headed hydra bites you.
* * * LOW HITPOINT WARNING * * *
You barely miss the seven-headed hydra.
The seven-headed hydra is severely wounded.
The seven-headed hydra bites you but does no damage.
The seven-headed hydra bites you!
* * * LOW HITPOINT WARNING * * *
The seven-headed hydra barely misses you.
The seven-headed hydra bites you.
* * * LOW HITPOINT WARNING * * *
The seven-headed hydra bites you!
You die... ▓▓▓▓▓▓▓▓▓▓▓▓▓▓▓▓▓▓▓▓▓▓▓▓ '.?).[.[..))....@DcJeyT. ▓▓▓▓▓▓▓▓▓▓▓▓▓▓▓▓▓▓▓▓▓▓▓▓

You could see a seven-headed hydra, a slime creature, a centaur warrior, a deep elf pyromancer, a troll and a vampire mosquito.

Vanquished Creatures
  A two-headed ogre (D)
  A gargoyle (D)
  A steam dragon (D)
  An ice beast (D)
  An orc warrior (D)
  A scorpion (D)
  A white imp (D)
  An adder zombie (D)
  A dart slug (D)
  An endoplasm (D)
  A hobgoblin (D)
  A ball python skeleton (D)
  A ball python zombie (D)
  A kobold (D)
  A rat (D)
15 creatures vanquished.

Vanquished Creatures (others)
  An orc wizard (D)
1 creature vanquished.

Grand Total: 16 creatures vanquished

Notes
Turn   | Place    | Note
-------+----------+-------------------------------------------
     0 | D        | mhtbhm the Troll Berserker began the quest for the Orb.
     0 | D        | Reached XP level 1. HP: 22/22 MP: 0/0
     9 | D        | Reached skill level 3 in Maces & Flails
    12 | D        | Reached ** piety under Trog
   126 | D        | Noticed an ice beast
   126 | D        | Noticed a scorpion
   132 | D        | Killed an ice beast
   133 | D        | Reached skill level 5 in Maces & Flails
   133 | D        | Reached XP level 2. HP: 33/33 MP: 1/1
   133 | D        | Reached XP level 3. HP: 41/41 MP: 2/2
   133 | D        | Reached XP level 4. HP: 49/49 MP: 3/3
   133 | D        | Reached *** piety under Trog
   134 | D        | Reached skill level 5 in Fighting
   140 | D        | Reached skill level 6 in Maces & Flails
   140 | D        | Reached skill level 5 in Dodging
   140 | D        | Reached XP level 5. HP: 57/57 MP: 4/4
   143 | D        | Reached **** piety under Trog
   147 | D        | Found a snail-covered altar of Cheibriados.
   147 | D        | Found a shadowy altar of Dithmenos.
   147 | D        | Found a white marble altar of Elyvilon.
   147 | D        | Found a blossoming altar of Fedhas.
   147 | D        | Found an opulent altar of Gozag.
   148 | D        | Found a hazy altar of Hepliaklqana.
   149 | D        | Found a viscous altar of Jiyva.
   150 | D        | Found an ancient bone altar of Kikubaaqudgha.
   151 | D        | Found a corrupted altar of Lugonu.
   152 | D        | Found a burning altar of Makhleb.
   153 | D        | Found a sparkling altar of Nemelex Xobeh.
   154 | D        | Found an iron altar of Okawaru.
   155 | D        | Found a stormy altar of Qazlal.
   156 | D        | Found a sacrificial altar of Ru.
   157 | D        | Found a shimmering blue altar of Sif Muna.
   158 | D        | Found a bloodstained altar of Trog.
   159 | D        | Found a hide-covered altar of Uskayaw.
   160 | D        | Found a radiant altar of Vehumet.
   161 | D        | Found an ornate altar of the Wu Jian Council.
   162 | D        | Found a shimmering altar of Xom.
   163 | D        | Found a basalt altar of Yredelemnul.
   164 | D        | Found a glowing silver altar of Zin.
   165 | D        | Found a glowing golden altar of the Shining One.
   215 | D        | Noticed an orc warrior
   215 | D        | Noticed a gargoyle
   215 | D        | Noticed a steam dragon
   215 | D        | Noticed a two-headed ogre
   221 | D        | Killed an orc warrior
   222 | D        | Reached skill level 7 in Maces & Flails
   228 | D        | Killed a gargoyle
   229 | D        | Reached skill level 9 in Maces & Flails
   229 | D        | Reached XP level 6. HP: 71/71 MP: 5/5
   229 | D        | Reached XP level 7. HP: 78/78 MP: 6/6
   233 | D        | Killed a two-headed ogre
   234 | D        | Reached skill level 11 in Maces & Flails
   234 | D        | Reached XP level 8. HP: 23/91 MP: 7/7
   303 | D        | Noticed a seven-headed hydra
   303 | D        | Noticed a centaur warrior
   303 | D        | Noticed a slime creature
   303 | D        | Noticed a deep elf pyromancer
   303 | D        | Noticed a troll
   308 | D        | Mangled by a seven-headed hydra

Illustrated notes

Levels and vault maps discovered:
D:        linesprint [early_d, line_temple, items_1, d_10, items_2, lair_1,
          lair_end, items_3, orc_1, orc_end, items_4, d_15, swamp_1, shoals_1,
          snake_1, spider_1, d_20, vaults_1, items_5, swamp_end, shoals_end,
          snake_end, spider_end, vaults_end, d_27, items_6, zot_1, zot_end,
          crypt_end, forest_end, elf_end, slime_end, tomb_end, abyss_end,
          pan_hell_end]

Skill      XL: |  1  2  3  4  5  6  7  8 |
---------------+-------------------------+-----
Maces & Flails | 5 6 9 11 | 11.2
Fighting       | 4 5 7 8 9 |  9.0
Dodging        | 4 5 7 8 |  8.5

Action                   |  1- 3 |  4- 6 |  7- 9 || total
-------------------------+-------+-------+-------++-------
Melee: Mace              |    20 |     9 |       ||    29
       Morningstar       |       |    11 |    13 ||    24
Invok: Berserk           |     1 |     1 |     1 ||     3
       Brothers in Arms  |       |       |     1 ||     1
  Use: Potion            |       |       |     1 ||     1
Armor: Animal skin       |     3 |     3 |     3 ||     9
Dodge: Dodged            |     8 |     5 |    17 ||    30

Table legend: (Time is in decaauts)
 A = Elapsed time spent in this place.
 B = Non-inter-level travel time spent in this place.
 C = Inter-level travel time spent in this place.
 D = Time resting spent in this place.
 E = Time spent auto-exploring this place.
 F = Levels seen in this place.
 G = Mean time per level.
                   A        B        C        D        E       F      G
               +--------+--------+--------+--------+--------+-----+--------+
         Total |    328 |    328 |      0 |    168 |      3 |   1 |  328.0 |
       Dungeon |    328 |    328 |      0 |    168 |      3 |   1 |  328.0 |
               +--------+--------+--------+--------+--------+-----+--------+

Top non-repeatable levels by time:
       D: 328 daAuts
